Map: Ascension to Aiur LE

Players

LiquidMaNa (MaNa)

  • Race: Protoss Protoss
  • League: Master
  • Spawn Location: 11:00

aLive - Winner!

  • Race: Terran Terran
  • Spawn Location: 5:00

Event: HomeStory Cup XVI

VOD

Have the link to the VOD?

Description

Time

  • Played on: Nov. 11, 2017, 7:20 a.m.
  • Length: 9:17

All games in this series

Show
View Real Time Build Order
Export as new Build Order

LiquidMaNa Protoss 

Build Orders: 1 Gate Expand, Blink Stalkers 

Get SALT Encoding   

  12  0:02  Probe (Chrono Boost)  
  14  0:15  Probe (Chrono Boost)  
  14  0:17  Pylon  
  14  0:26  Probe (Chrono Boost)  
  15  0:32  Probe (Chrono Boost)  
  15  0:37  Gateway  
  15  0:41  Probe (Chrono Boost)  
  16  0:46  Assimilator  
  17  0:53  Probe (Chrono Boost)  
  18  0:59  Probe (Chrono Boost)  
  19  1:07  Probe (Chrono Boost)  
  20  1:22  Nexus  
  20  1:32  Cybernetics Core  
  20  1:37  Probe (Chrono Boost)  
  21  1:42  Assimilator  
  21  1:49  Probe (Chrono Boost)  
  21  1:53  Pylon  
  23  2:01  Probe (Chrono Boost)  
  23  2:09  Warp Gate  
  23  2:11  Adept  
  23  2:13  Probe (Chrono Boost)  
  26  2:25  Probe (Chrono Boost)  
  27  2:36  Probe (Chrono Boost)  
  29  2:37  Probe (Chrono Boost)  
  29  2:42  Robotics Facility  
  29  2:48  Probe (Chrono Boost)  
  29  2:50  Probe (Chrono Boost)  
  31  2:55  Adept  
  31  2:58  Twilight Council  
  33  3:00  Probe (Chrono Boost)  
  33  3:02  Probe (Chrono Boost)  
  35  3:12  Probe (Chrono Boost)  
  37  3:14  Probe (Chrono Boost)  
  37  3:16  Pylon  
  37  3:24  Probe (Chrono Boost)  
  37  3:26  Probe (Chrono Boost)  
  39  3:28  Adept  
  39  3:31  Immortal  
  45  3:36  Probe (Chrono Boost)  
  45  3:40  Blink  
  45  3:41  Probe (Chrono Boost)  
  44  3:48  Probe (Chrono Boost)  
  44  3:53  Probe (Chrono Boost)  
  44  4:00  Probe (Chrono Boost)  
  44  4:01  Immortal  
  45  4:05  Probe (Chrono Boost)  
  46  4:13  Probe (Chrono Boost)  
  46  4:14  Sentry  
  46  4:16  Pylon  
  54  4:17  Probe (Chrono Boost)  
  54  4:24  Gateway  
  54  4:34  Probe (Chrono Boost)  
  54  4:35  Probe (Chrono Boost)  
  49  4:41  Gateway  
  49  4:44  Gateway  
  50  4:45  Warp Prism  
  50  4:46  Probe (Chrono Boost)  
  50  4:48  Stalker, Probe (Chrono Boost)  
  53  4:58  Probe (Chrono Boost)  
  56  5:02  Probe (Chrono Boost)  
  56  5:05  Shield Battery  
  56  5:06  Shield Battery  
  57  5:10  Probe (Chrono Boost)  
  57  5:12  Stalker  
  58  5:27  Probe (Chrono Boost)  
  45  5:49  Probe (Chrono Boost)  
  42  5:56  Stalker x2  
  36  5:57  Stalker  
  36  6:00  Probe (Chrono Boost)  
  36  6:01  Probe (Chrono Boost)  
  37  6:06  Probe (Chrono Boost)  
  37  6:08  Probe (Chrono Boost)  
  39  6:14  Probe x2 (Chrono Boost)  
  41  6:21  Probe (Chrono Boost)  
  41  6:23  Probe (Chrono Boost)  
  44  6:28  Observer  
  46  6:33  Probe (Chrono Boost)  
  46  6:35  Adept x2, Probe (Chrono Boost)  
  51  6:45  Probe (Chrono Boost)  
  53  6:47  Probe (Chrono Boost)  
  53  6:57  Probe (Chrono Boost)  
  53  6:59  Probe (Chrono Boost)  
  57  7:01  Immortal  
  58  7:09  Probe (Chrono Boost)  
  58  7:11  Probe (Chrono Boost)  
  57  7:15  Stalker  
  57  7:16  Stalker  
  57  7:18  Stalker  
  57  7:21  Probe (Chrono Boost)  
  61  7:23  Probe (Chrono Boost)  
  61  7:26  Pylon  
  61  7:28  Pylon  
  61  7:33  Probe (Chrono Boost)  
  62  7:41  Pylon  
  62  7:44  Immortal  
  62  7:46  Probe (Chrono Boost)  
  67  7:52  Stalker x2, Zealot  
  67  7:53  Zealot  
  67  7:57  Probe (Chrono Boost)  
  67  7:58  Probe (Chrono Boost)  
  77  8:09  Assimilator  
  77  8:10  Assimilator, Shield Battery  
  77  8:11  Pylon  
  77  8:12  Sentry  
  79  8:13  Zealot x2  
  85  8:20  Probe x2 (Chrono Boost)  
  85  8:34  Nexus  
  85  8:40  Warp Prism  
  87  8:46  Stalker x2  
  81  8:56  Zealot, Sentry  
  81  9:00  Probe (Chrono Boost)  
Show
View Real Time Build Order
Export as new Build Order

aLive Terran - Winner!

Build Orders: Gas First Reaper Expand, Liberator Opening, Reaper Expand, MMM Bio 

Get SALT Encoding   

  12  0:00  SCV  
  13  0:12  SCV  
  14  0:17  Supply Depot  
  14  0:24  SCV  
  14  0:27  Refinery  
  15  0:38  SCV  
  16  0:44  Barracks  
  16  0:50  SCV  
  17  1:02  SCV  
  18  1:14  SCV  
  19  1:31  Reaper, Orbital Command  
  20  1:46  Command Center  
  20  1:56  Factory  
  20  1:59  SCV  
  21  2:06  Refinery, Barracks Reactor  
  21  2:11  SCV  
  22  2:17  Supply Depot  
  22  2:23  SCV  
  23  2:39  SCV  
  23  2:42  Starport  
  24  2:51  SCV, Hellion x2  
  28  2:53  Marine  
  29  3:02  Orbital Command  
  29  3:05  SCV  
  30  3:13  Marine  
  30  3:18  Medivac  
  33  3:20  Widow Mine x2  
  33  3:22  SCV  
  38  3:29  SCV  
  39  3:35  Liberator  
  39  3:37  SCV  
  39  3:41  SCV  
  38  3:55  SCV x2  
  41  3:59  Factory Tech Lab  
  41  4:01  Marine x2  
  43  4:04  Barracks  
  43  4:06  Barracks  
  43  4:11  SCV x2  
  43  4:14  Supply Depot  
  45  4:20  Marine  
  46  4:25  Marine  
  46  4:36  SCV x2  
  47  4:38  Siege Tank  
  47  4:42  Supply Depot  
  47  4:44  Viking  
  52  4:48  SCV x2  
  52  4:50  Bunker  
  54  4:54  Barracks Tech Lab  
  54  5:00  Supply Depot  
  54  5:03  Supply Depot, Marine x3  
  57  5:10  SCV, Siege Tank  
  57  5:11  SCV  
  58  5:23  SCV x2  
  58  5:25  Marine x3  
  58  5:26  Marine  
  58  5:28  Stimpack, Starport Reactor  
  64  5:34  Refinery  
  64  5:35  Supply Depot, SCV x2  
  64  5:41  Engineering Bay  
  60  5:51  Marine x2  
  60  5:52  SCV  
  60  5:53  SCV  
  61  6:05  Medivac x2  
  61  6:06  Factory Reactor  
  61  6:10  SCV x2  
  64  6:12  Terran Infantry Weapons Level 1  
  64  6:13  Refinery  
  64  6:18  Marine x2  
  64  6:19  Marauder x2  
  71  6:25  SCV x2  
  71  6:27  Supply Depot  
  71  6:29  Combat Shields  
  72  6:39  Marine x2  
  74  6:41  Marauder x2  
  74  6:44  Command Center  
  75  6:55  SCV x2  
  76  7:06  Marine x2  
  76  7:07  Marauder x2, SCV  
  76  7:08  SCV  
  81  7:25  Barracks  
  81  7:28  Supply Depot, Barracks, SCV x2  
  83  7:32  Medivac x2, Widow Mine, Concussive Shells  
  83  7:33  Widow Mine  
  91  7:38  Supply Depot  
  91  7:39  Missile Turret  
  91  7:42  Missile Turret  
  89  7:52  Marine x2  
  89  7:53  Marine x2  
  89  7:55  SCV x2  
  95  8:01  Supply Depot  
  95  8:04  Supply Depot  
  95  8:05  Orbital Command  
  94  8:10  Marine x2  
  94  8:11  Marauder x2  
  99  8:21  Medivac x2, Widow Mine x2  
  107  8:27  SCV x2  
  107  8:31  Barracks Tech Lab, Barracks Reactor, Marine x2  
  110  8:35  Marauder x2  
  110  8:37  SCV  
  115  8:54  Marine x2  
  115  8:55  Marauder  
  119  9:02  SCV x2  
  133  9:03  SCV  
  132  9:13  Supply Depot  
Tags
 
Add a new tag
Caveats
  • Supply blocks, unpowered buildings, or Contaminate may cause inaccurate times.
  • Supply counts are checked every 10 seconds.